Map: New Gettysburg LE

Players

UrMomIsMine

  • Race: Protoss Protoss
  • League: Silver

Gracz - Winner!

  • Race: Protoss Protoss
  • League: Silver

VOD

Have the link to the VOD?

Description

Time

  • Played on: Oct. 8, 2016, 4:12 p.m.
  • Length: 4:38
Show
View Real Time Build Order
Export as new Build Order

UrMomIsMine Protoss 

Build Orders: Oracle Opening 

Get SALT Encoding   

  12  0:01  Probe (Chrono Boost)  
  13  0:11  Probe (Chrono Boost)  
  14  0:20  Pylon  
  14  0:25  Probe (Chrono Boost)  
  15  0:38  Probe (Chrono Boost)  
  16  0:49  Probe (Chrono Boost), Gateway  
  17  1:03  Probe (Chrono Boost)  
  18  1:06  Assimilator  
  18  1:13  Assimilator  
  18  1:15  Probe (Chrono Boost)  
  19  1:19  Pylon  
  19  1:39  Probe (Chrono Boost)  
  20  1:46  Cybernetics Core  
  20  1:50  Pylon  
  20  1:53  Gateway  
  20  1:57  Probe (Chrono Boost)  
  21  2:08  Probe (Chrono Boost)  
  22  2:18  Probe (Chrono Boost)  
  23  2:23  Stargate  
  23  2:25  Stalker  
  23  2:29  Warp Gate  
  25  2:41  Gateway  
  25  2:48  Stalker  
  29  3:09  Oracle  
  30  3:26  Stalker x2  
  34  3:41  Stalker  
  36  3:46  Pylon  
  36  4:02  Stalker  
  36  4:04  Stalker  
Show
View Real Time Build Order
Export as new Build Order

Gracz Protoss - Winner!

Build Orders:  

Get SALT Encoding   

  12  0:01  Probe (Chrono Boost)  
  13  0:18  Pylon  
  14  0:43  Probe (Chrono Boost)  
  14  0:49  Gateway  
  14  0:56  Pylon  
  14  1:05  Assimilator  
  14  1:10  Assimilator  
  14  1:20  Gateway  
  14  1:27  Gateway  
  14  1:36  Zealot  
  16  1:51  Cybernetics Core  
  16  1:53  Probe (Chrono Boost)  
  17  2:03  Probe (Chrono Boost)  
  18  2:15  Probe (Chrono Boost)  
  19  2:25  Probe (Chrono Boost)  
  19  2:26  Zealot  
  22  2:30  Warp Gate  
  22  2:49  Probe (Chrono Boost)  
  23  3:01  Probe (Chrono Boost)  
  26  3:14  Sentry  
  24  3:36  Stargate  
  24  3:38  Pylon  
  24  3:41  Pylon  
  24  3:52  Pylon  
  23  4:31  Stargate  
Tags
 
Add a new tag
Caveats
  • Supply blocks, unpowered buildings, or Contaminate may cause inaccurate times.
  • Supply counts are checked every 10 seconds.